 Dungeon Crawl Stone Soup version 0.24.0-1-gfbc8707122 (webtiles) character file.

Game seed: 9106874956550816325, levelgen mode: deterministic

88728 GordonOverkill the Severer (level 15, -5/232 HPs)
             Began as a Minotaur Berserker on Oct 25, 2019.
             Was the Champion of Trog.
             Slain by a tyrant leech (24 damage)
             ... on level 5 of the Lair of Beasts.
             The game lasted 00:30:22 (20558 turns).

GordonOverkill the Severer (Minotaur Berserker)    Turns: 20558, Time: 00:30:23

Health: -5/232     AC: 23    Str: 35    XL:     15   Next: 47%
Magic:  14/14      EV: 15    Int: 12    God:    Trog [******]
Gold:   1093       SH:  0    Dex: 12    Spells: 14/14 levels left

rFire    + + +     SeeInvis .   a - +8 battleaxe "Leyxzutt" {freeze, rF+ rC+}
rCold    + + +     Gourm    .   (shield currently unavailable)
rNeg     + . .     Faith    .   B - +1 plate armour "Vauthr Hyujon" {MR+ Regen+ Dex-4}
rPois    +         Spirit   .   S - +2 hat
rElec    .         Reflect  .   o - +2 cloak of Fedhas's Generosity {rC++ Dex+2}
rCorr    .         Harm     .   x - +0 pair of gloves
MR       ++...                  l - +0 pair of boots
Stlth    ..........             A - amulet "Votusuaja" {Acrobat rF++ rN+ Dex+2 Stlth-}
HPRegen  0.88/turn              s - +2 ring of evasion
MPRegen  0.14/turn              I - ring "Pipurch" {+Blink rPois Str+4 Int+8 Stlth-}

@: berserking, very quick
A: retaliatory headbutt, horns 2
a: Berserk, Trog's Hand, Brothers in Arms, Renounce Religion, Evoke Blink


You were on level 5 of the Lair of Beasts.
You worshipped Trog.
Trog was exalted by your worship.
You were very hungry.

You visited 3 branches of the dungeon, and saw 22 of its levels.
You also visited: Gauntlet and Volcano.

You collected 2454 gold pieces.
You spent 1361 gold pieces at shops.

Inventory:

Hand Weapons
 a - the +8 battleaxe "Leyxzutt" (weapon) {freeze, rF+ rC+}
   (You bought it in a shop on level 4 of the Dungeon)

   It has been specially enchanted to freeze those struck by it, causing extra
   injury to most foes and up to half again as much damage against particularly
   susceptible opponents.
   It can also slow down cold-blooded creatures.
   It protects you from fire.
   It protects you from cold.
 b - a +2 broad axe of flaming
 O - a +5 antimagic battleaxe
Armour
 f - a +0 shield
 l - a +0 pair of boots (worn)
 o - the +2 cloak of Fedhas's Generosity (worn) {rC++ Dex+2}
   (You acquired it on level 7 of the Dungeon)

   It affects your dexterity (+2).
   It greatly protects you from cold.
 x - a +0 pair of gloves (worn)
 B - the +1 plate armour "Vauthr Hyujon" (worn) {MR+ Regen+ Dex-4}
   (You found it on level 11 of the Dungeon)

   It affects your dexterity (-4).
   It affects your resistance to hostile enchantments.
   It increases your rate of regeneration.
 S - a +2 hat (worn)
Jewellery
 s - a +2 ring of evasion (left hand)
 A - the amulet "Votusuaja" (around neck) {Acrobat rF++ rN+ Dex+2 Stlth-}
   (You found it on level 8 of the Dungeon)

   [amulet of the acrobat]

   It helps you evade while moving and waiting.
   It affects your dexterity (+2).
   It greatly protects you from fire.
   It protects you from negative energy.
   It makes you less stealthy.
 I - the ring "Pipurch" (right hand) {+Blink rPois Str+4 Int+8 Stlth-}
   (You bought it in a shop on level 7 of the Dungeon)

   [ring of strength]

   It affects your strength (+4).
   It affects your intelligence (+8).
   It protects you from poison.
   It lets you blink.
   It makes you less stealthy.
 J - an uncursed ring of flight {unknown}
 M - an uncursed amulet of rage {unknown}
Wands
 c - a wand of flame (22)
 u - a wand of iceblast (17)
 v - a wand of digging (19)
 z - a wand of enslavement (7)
 H - a wand of polymorph (4)
 L - a wand of acid (12)
 T - a wand of clouds (6)
Scrolls
 q - 2 scrolls of torment
 r - 3 scrolls of enchant armour
 t - a scroll of brand weapon
 w - 10 scrolls of teleportation
 y - 3 scrolls of enchant weapon
 G - 4 scrolls of remove curse
 P - a scroll of fog
 Q - 3 scrolls of fear
 R - a scroll of magic mapping
 U - a scroll of blinking
Potions
 d - 9 potions of curing
 h - a potion of flight
 i - 2 potions of ambrosia
 j - 2 potions of mutation
 k - 2 potions of berserk rage
 m - 2 potions of haste
 p - 2 potions of might
 C - a potion of cancellation
 D - 2 potions of heal wounds
 E - 4 potions of resistance
 F - 4 potions of agility
 K - a potion of invisibility
 N - a potion of magic
Comestibles
 e - 28 rations


   Skills:
 + Level 19.9 Fighting
 - Level 20.0 Axes
 - Level 10.0 Armour
 - Level 10.0 Dodging


You had 14 spell levels left.
You didn't know any spells.
Your spell library was empty.

Dungeon Overview and Level Annotations

Branches:
Dungeon (15/15)            Temple (0/1) D:7            Lair (5/6) D:9
  Swamp (0/4) Lair:2       Spider (0/4) Lair:3          Orc (2/2) D:12
    Elf (0/3) Orc:2        Vaults (0/5) D:13         Depths (0/5) D:15
Volcano (visited)         Gauntlet (visited)
  Slime: Lair:5-6

Altars:
Cheibriados
Dithmenos
Elyvilon
Fedhas
Gozag
Makhleb
Nemelex Xobeh
Qazlal
Ru
Sif Muna
Trog
Vehumet
Xom
Zin
The Shining One
Beogh

Shops:
D:4 (   D:7 %}=:*   Orc:2 :(?%

Portals:
Pandemonium: Orc:2


Innate Abilities, Weirdness & Mutations

You reflexively headbutt those who attack you in melee.
You have a pair of horns on your head.


Message History

The tyrant leech draws strength from your injuries!
The tyrant leech misses you. You furiously retaliate!
You headbutt the tyrant leech!
You slice the tyrant leech like a ripe choko!!!
You freeze the tyrant leech.
You kill the tyrant leech!
Trog accepts your kill.
You closely miss the tyrant leech. You closely miss the tyrant leech.
The tyrant leech is severely wounded.
You barely miss the tyrant leech.
The tyrant leech is severely wounded.
The tyrant leech bites you but does no damage.
You miss the tyrant leech. Your headbutt misses the tyrant leech.
The tyrant leech is severely wounded.
You slash the tyrant leech! You freeze the tyrant leech.
Your headbutt misses the tyrant leech.
The tyrant leech is almost dead.
The tyrant leech bites you!!
You die...

#≈≈≈ ≈≈≈.# #≈≈# ≈≈≈.#
.###≈≈# ≈≈≈.# ..≈≈≈##
≈≈≈##
#≈≈≈≈#######≈≈≈≈# #.
#PP≈≈≈≈≈≈≈≈≈≈≈P#
.#..##P≈≈.≈≈≈≈≈≈≈..##
........%...≈w†....#
?>.........###@†.P##
#....$.....###.†.##
.....###....##P..#
#... ##..###...# .#.
#..# #...## #.
#..###....# .
##...##....#
#..........##
#...........#


You could see a tyrant leech.

Vanquished Creatures
  Gastronok (Lair:1)
  Kirke (D:13)
  A fire giant (D:15)
  An orc warlord (Orc:1)
  A minotaur (Gauntlet)
  An ettin (Orc:1)
  A fire dragon (D:11)
  Josephine (D:12)
  Fannar (Lair:1)
  Erolcha (D:13)
  2 hydras
  A yaktaur captain (D:13)
  2 centaur warriors
  An ogre mage (D:11)
  3 two-headed ogres
  4 orc high priests
  Urug (Lair:4)
  3 tengu warriors
  A sixfirhy (Orc:2)
  A deep elf knight (Orc:1)
  3 unseen horrors
  6 skeletal warriors
  A fire crab (Gauntlet)
  A wizard (D:13)
  3 gelid demonspawn (Orc:2)
  An infernal demonspawn (Orc:2)
  Pikel (D:7)
  5 orc knights
  2 deep elf archers (D:15)
  9 orc sorcerers
  6 deep elf magi
  8 ugly things
  4 centaur zombies
  5 cyclopes
  2 manticores (D:15)
  8 slime creatures
  A rust devil (Gauntlet)
  An eye of devastation (shapeshifter) (D:11)
  A torpor snail (Lair:5)
  Joseph (D:7)
  4 spiny frogs
  2 molten gargoyles (Volcano)
  An orange demon (Orc:2)
  2 gargoyles
  2 komodo dragons
  3 kobold demonologists
  2 yaktaurs (D:13)
  A hellwing (Orc:2)
  3 efreet (Volcano)
  6 trolls
  2 red devils (Orc:2)
  2 jumping spiders (Lair:3)
  A tengu conjurer (D:13)
  Prince Ribbit (D:7)
  2 hippogriffs
  2 hornets
  8 blink frogs
  10 tyrant leeches (Lair:5)
  A wolf spider simulacrum (D:14)
  A hippogriff (shapeshifter) (D:13)
  A redback (Lair:3)
  4 wraiths (D:12)
  A spriggan (D:7)
  3 hogs (D:13)
  3 wyverns
  29 yaks
  2 shadows
  A ynoxinul (Gauntlet)
  3 fire elementals (Volcano)
  2 basilisks
  8 fire bats
  5 hungry ghosts
  A steam dragon (D:10)
  3 vampire mosquitoes (D:15)
  2 swamp worms (Lair:5)
  4 insubstantial wisps (Lair:2)
  A warg (Orc:1)
  2 hell hounds (Gauntlet)
  3 water moccasins
  3 acid dragons
  7 ice beasts
  4 porcupines
  7 sky beasts
  A black bear (D:10)
  A meliai simulacrum (Gauntlet)
  A slave (D:7)
  3 eyes of draining
  38 orc warriors
  A necrophage (D:7)
  4 boggarts (D:15)
  2 phantoms (D:8)
  8 ogres
  A wolf (Orc:1)
  10 crocodiles
  12 centaurs
  14 big kobolds
  Blork the orc (D:6)
  14 bullfrogs
  A wyvern zombie (D:12)
  4 earth elementals (Volcano)
  A spiny frog simulacrum (Gauntlet)
  A wyvern skeleton (D:11)
  5 scorpions
  3 killer bees (D:10)
  2 howler monkeys (D:7)
  15 wights
  A crimson imp (D:10)
  3 quasits
  A bullfrog zombie (D:11)
  6 hounds
  A wyvern simulacrum (Gauntlet)
  3 centaur skeletons
  6 jellies
  32 orc priests
  3 gnoll shamans (D:6)
  2 bullfrog skeletons
  4 iron imps (Gauntlet)
  4 iguanas
  20 orc wizards
  8 worker ants
  2 centaur simulacra (Gauntlet)
  A hound zombie (D:7)
  A hound skeleton (D:5)
  A howler monkey zombie (D:3)
  44 gnolls
  14 adders
  8 shadow imps
  An ooze (D:1)
  An adder skeleton (D:5)
  2 worms
  3 dart slugs
  A leopard gecko (D:5)
  102 orcs
  8 bats
  6 giant cockroaches
  6 goblins
  9 hobgoblins
  28 jackals
  35 kobolds
  5 quokkas
  A ball python skeleton (D:4)
  12 frilled lizards
  9 rats
  A fire vortex (Volcano)
  2 fungi
793 creatures vanquished.

Vanquished Creatures (others)
  2 slaves (D:7)
  An orc (D:7)
  2 jackals (D:7)
  4 plants (Lair:5)
9 creatures vanquished.

Grand Total: 802 creatures vanquished

Notes
Turn   | Place    | Note
-------+----------+-------------------------------------------
     0 | D:1      | GordonOverkill the Minotaur Berserker began the quest for
                  | the Orb.
     0 | D:1      | Reached XP level 1. HP: 19/19 MP: 0/0
    60 | D:1      | Reached XP level 2. HP: 18/27 MP: 1/1
   191 | D:1      | Reached skill level 4 in Axes
   505 | D:1      | Reached ** piety under Trog
   505 | D:1      | Reached XP level 3. HP: 29/33 MP: 2/2
  1156 | D:2      | Reached XP level 4. HP: 40/40 MP: 3/3
  1356 | D:2      | Found a snail-covered altar of Cheibriados.
  1356 | D:2      | Found a bloodstained altar of Trog.
  1876 | D:3      | Reached skill level 5 in Axes
  1881 | D:3      | Reached XP level 5. HP: 47/47 MP: 4/4
  2258 | D:3      | Reached *** piety under Trog
  2582 | D:3      | Reached XP level 6. HP: 55/55 MP: 5/5
  3029 | D:4      | Reached skill level 6 in Axes
  3033 | D:4      | Reached skill level 5 in Fighting
  3333 | D:4      | Got a scintillating iron ring
  3370 | D:4      | Found a sparkling altar of Nemelex Xobeh.
  3656 | D:4      | Found Sykhadup's Antique Weapon Boutique.
  3659 | D:4      | Bought an ebony battleaxe for 218 gold pieces
  3659 | D:4      | Identified the +8 battleaxe "Leyxzutt" {freeze, rF+ rC+}
                  | (You bought it in a shop on level 4 of the Dungeon)
  3879 | D:4      | Identified the cursed ring of the Past {rPois EV-3 Dex+4}
                  | (You found it on level 4 of the Dungeon)
  3911 | D:5      | Entered Level 5 of the Dungeon
  3926 | D:5      | Reached XP level 7. HP: 61/61 MP: 6/6
  3946 | D:5      | Reached **** piety under Trog
  3946 | D:5      | Reached skill level 7 in Axes
  4000 | D:5      | Found a radiant altar of Vehumet.
  4045 | D:5      | Reached skill level 5 in Armour
  4198 | D:5      | Found a blossoming altar of Fedhas.
  4351 | D:5      | Found a glowing silver altar of Zin.
  4351 | D:5      | Found a glowing golden altar of the Shining One.
  4351 | D:5      | Found a white marble altar of Elyvilon.
  4425 | D:6      | Reached skill level 5 in Dodging
  4425 | D:6      | Reached XP level 8. HP: 66/70 MP: 7/7
  4426 | D:6      | Reached skill level 8 in Axes
  4644 | D:6      | Noticed Blork the orc
  4649 | D:6      | Killed Blork the orc
  4825 | D:6      | Got a pair of twisted gloves
  4831 | D:6      | Identified the cursed -2 pair of gloves of the Stars
                  | {Int+2} (You found it on level 6 of the Dungeon)
  5001 | D:6      | Found a sacrificial altar of Ru.
  5082 | D:6      | Reached skill level 9 in Axes
  5118 | D:6      | Reached ***** piety under Trog
  5249 | D:6      | Reached XP level 9. HP: 72/79 MP: 4/8
  5481 | D:6      | Found a stormy altar of Qazlal.
  5744 | D:7      | Found Ynlipt's General Store.
  5780 | D:7      | Noticed Pikel
  5784 | D:7      | Killed Pikel
  5784 | D:7      | Reached skill level 10 in Axes
  5784 | D:7      | Noticed Joseph
  5790 | D:7      | Killed Joseph
  5802 | D:7      | Found Radwoycy's Jewellery Boutique.
  5861 | D:7      | Found Fatec's Book Shoppe.
  5893 | D:7      | Found Nudieff's Gadget Boutique.
  5899 | D:7      | Found Natabrew's Food Shop.
  5914 | D:7      | Received a gift from Trog
  5990 | D:7      | Noticed Prince Ribbit
  6028 | D:7      | Found a staircase to the Ecumenical Temple.
  6148 | D:7      | Reached skill level 11 in Axes
  6161 | D:7      | Identified a scroll of acquirement
  6194 | D:7      | Got an encrusted cloak
  6205 | D:7      | Identified the +2 cloak of Fedhas's Generosity {rC++ Dex+2}
                  | (You acquired it on level 7 of the Dungeon)
  6234 | D:7      | Killed Prince Ribbit
  6339 | D:8      | Found a burning altar of Makhleb.
  6341 | D:8      | Reached XP level 10. HP: 90/90 MP: 9/9
  6625 | D:8      | Found a shimmering blue altar of Sif Muna.
  6658 | D:8      | Got a glittering platinum amulet
  6784 | D:8      | Reached skill level 12 in Axes
  7047 | D:9      | Found a staircase to the Lair.
  7084 | D:9      | Paralysed by a hornet for 2 turns
  7941 | D:10     | Entered Level 10 of the Dungeon
  8000 | D:10     | Found an opulent altar of Gozag.
  8208 | D:10     | Reached XP level 11. HP: 99/99 MP: 8/10
  8381 | D:10     | Reached skill level 13 in Axes
  8452 | D:10     | Noticed a skeletal warrior
  8454 | D:10     | Reached skill level 10 in Fighting
  8467 | D:10     | Killed a skeletal warrior
  8710 | D:10     | Noticed a two-headed ogre
  8720 | D:10     | Killed a two-headed ogre
  8723 | D:10     | Reached skill level 10 in Armour
  8966 | D:10     | Identified the amulet "Votusuaja" {Acrobat rF++ rN+ Dex+2
                  | Stlth-} (You found it on level 8 of the Dungeon)
  9122 | D:11     | Reached skill level 14 in Axes
  9157 | D:11     | Reached ****** piety under Trog
  9175 | D:11     | Noticed a two-headed ogre
  9175 | D:11     | Noticed a white ugly thing
  9182 | D:11     | Killed a two-headed ogre
  9185 | D:11     | Killed a white ugly thing
  9478 | D:11     | Reached skill level 10 in Dodging
  9481 | D:11     | Noticed a two-headed ogre
  9491 | D:11     | Killed a two-headed ogre
  9491 | D:11     | Reached skill level 15 in Axes
  9522 | D:11     | Noticed an ogre mage
  9531 | D:11     | Killed an ogre mage
  9561 | D:11     | Noticed a fire dragon
  9570 | D:11     | Killed a fire dragon
  9570 | D:11     | Reached XP level 12. HP: 106/106 MP: 11/11
  9626 | D:11     | Got a twisted plate armour
  9637 | D:11     | Identified the +1 plate armour "Vauthr Hyujon" {MR+ Regen+
                  | Dex-4} (You found it on level 11 of the Dungeon)
  9639 | D:11     | Got a warped ruby amulet
  9641 | D:11     | Got a fine pewter amulet
  9644 | D:11     | Got a crude pewter ring
  9675 | D:11     | Reached skill level 16 in Axes
  9677 | D:11     | Identified the amulet of Moral Flaws {Faith Str+2} (You
                  | found it on level 11 of the Dungeon)
  9679 | D:11     | Identified the amulet "Beim" {Gourm Dex+2} (You found it on
                  | level 11 of the Dungeon)
  9686 | D:11     | Identified the ring of Xobrecw {rN+ Dex+3} (You found it on
                  | level 11 of the Dungeon)
 10231 | D:12     | Noticed Josephine
 10234 | D:12     | Killed Josephine
 10376 | D:12     | Found a staircase to the Orcish Mines.
 10566 | D:12     | Reached skill level 17 in Axes
 10648 | D:12     | Noticed a centaur warrior
 10655 | D:12     | Killed a centaur warrior
 10710 | D:13     | Found a gate to the Vaults.
 10711 | D:13     | Noticed a yaktaur captain
 10720 | D:13     | Killed a yaktaur captain
 10848 | D:13     | Received a gift from Trog
 10851 | D:13     | Got a jewelled broad axe {god gift}
 10852 | D:13     | Identified the +0 broad axe of True Grit {chop, rPois Str-5
                  | Int+8 Dex+2} (Trog gifted it to you on level 13 of the
                  | Dungeon)
 10863 | D:13     | Noticed Erolcha
 10870 | D:13     | Killed Erolcha
 11030 | D:13     | Noticed a tengu warrior
 11036 | D:13     | Killed a tengu warrior
 11036 | D:13     | Reached skill level 18 in Axes
 11085 | D:13     | Reached XP level 13. HP: 117/117 MP: 12/12
 11103 | D:13     | Noticed Kirke
 11116 | D:13     | Killed Kirke
 11923 | D:14     | Reached skill level 19 in Axes
 12039 | D:7      | Bought the ring "Pipurch" {+Blink rPois Str+4 Int+8 Stlth-}
                  | for 727 gold pieces
 12254 | D:14     | Found a shimmering altar of Xom.
 12758 | D:15     | Entered Level 15 of the Dungeon
 12792 | D:15     | Paralysed by fainting for 10 turns
 13044 | D:15     | Found a staircase to the Depths.
 13044 | D:15     | Noticed a fire giant
 13063 | D:15     | HP: 1/183 [centaur warrior/arrow (14)]
 13232 | D:15     | Received a gift from Trog
 13263 | D:15     | Killed a fire giant
 13263 | D:15     | Reached skill level 20 in Axes
 13555 | D:15     | Reached XP level 14. HP: 130/130 MP: 13/13
 13669 | D:15     | Found a shadowy altar of Dithmenos.
 14526 | Orc:1    | Entered Level 1 of the Orcish Mines
 14804 | Orc:1    | Noticed an orc warlord
 14810 | Orc:1    | Killed an orc warlord
 14810 | Orc:1    | Reached skill level 15 in Fighting
 14832 | Orc:1    | Received a gift from Trog
 15317 | Orc:2    | Entered Level 2 of the Orcish Mines
 15429 | Orc:2    | Found a roughly hewn altar of Beogh.
 15602 | Orc:2    | Found Seem's Magic Scroll Emporium.
 15605 | Orc:2    | Found Voros's Food Shoppe.
 15826 | Orc:2    | Received a gift from Trog
 15849 | Orc:2    | Bought a scroll of teleportation for 48 gold pieces
 15849 | Orc:2    | Bought a scroll of fog for 32 gold pieces
 15849 | Orc:2    | Bought a scroll of enchant armour for 120 gold pieces
 15849 | Orc:2    | Bought a scroll of teleportation for 48 gold pieces
 15849 | Orc:2    | Bought 2 scrolls of fear for 112 gold pieces
 15849 | Orc:2    | Bought a scroll of magic mapping for 56 gold pieces
 16111 | Orc:2    | Found Piokk's Antique Weapon Shop.
 16111 | Orc:2    | Found Ownulumm's Book Boutique.
 16114 | Orc:2    | Found a one-way gate leading to the halls of Pandemonium.
 16289 | Orc:2    | Found a staircase to the Elven Halls.
 16597 | Lair:1   | Entered Level 1 of the Lair of Beasts
 16893 | Lair:1   | Noticed Fannar
 16906 | Lair:1   | Killed Fannar
 16963 | Lair:1   | Noticed Gastronok
 16969 | Lair:1   | Reached XP level 15. HP: 149/149 MP: 14/14
 16977 | Lair:1   | Killed Gastronok
 18040 | Lair:2   | Found a staircase to the Swamp.
 18079 | Lair:2   | Received a gift from Trog
 18766 | Lair:3   | Found a hole to the Spider Nest.
 18779 | Lair:3   | Found a gate leading to a gauntlet.
 18788 | Gauntlet | Entered a Gauntlet
 18788 | Gauntlet | Found a transporter.
 18788 | Gauntlet | Found a runed translucent gate.
 18788 | Gauntlet | Found a transporter.
 18790 | Gauntlet | Found a runed translucent gate.
 18791 | Gauntlet | Found a runed translucent gate.
 18792 | Gauntlet | Found a transporter.
 18795 | Gauntlet | Found a transporter.
 18810 | Gauntlet | Got a bound jade amulet
 18811 | Gauntlet | Found a transporter.
 18822 | Gauntlet | Found a transporter.
 18830 | Gauntlet | Found a transporter.
 18849 | Gauntlet | Found a transporter.
 18854 | Gauntlet | Found a transporter.
 18858 | Gauntlet | Found a transporter.
 18866 | Gauntlet | Found a transporter.
 18905 | Gauntlet | Found a transporter.
 19070 | Lair:3   | Received a gift from Trog
 19073 | Lair:3   | Found a dark tunnel.
 19082 | Volcano  | Entered a volcano
 20276 | Lair:4   | Noticed Urug
 20286 | Lair:4   | Killed Urug
 20437 | Lair:4   | Identified the amulet of Riaczaq {Gourm Int+4 Stlth+} (You
                  | found it in a Gauntlet)
 20558 | Lair:5   | Slain by a tyrant leech

Levels and vault maps discovered:
D:1:      minmay_arrival_up_and_down, layout_rooms
D:2:      layout_basic, gammafunk_temple_overflow_wave
D:3:      layout_basic, first_ration
D:4:      layout_loops_ring, nicolae_overflow_crystal_walls, serial_shops,
          kennysheep_mini
D:5:      layout_basic, good_gods_mini_temple, vehumet_crystals, fedhas_altar_3
D:6:      lemuel_castle_with_subvaults [lemuel_castle_interior_carwin_3],
          layout_rooms, overflow_temple_1_default, hangedman_ru_absence,
          uniq_blork_the_orc
D:7:      layout_rooms, minmay_temple_entry_mini_moons, serial_shops,
          nicolae_shop_crystal, shop, shop, nicolae_shop_waterfront, shop,
          the_bakery, uniq_joseph, uniq_pikel, uniq_prince_ribbit1
D:8:      layout_basic, led_sif_pool, lightli_temple_of_fire, special_room
          [special_room_kobold]
D:9:      layout_roguey, dpeg_oklobed_lair
D:10:     minmay_bubble_buster, layout_cave_pools, basic_altar
D:11:     minmay_the_grid_triangle_9x9_recursive_2
          [minmay_the_grid_triangle_9x9_prize_schism,
          minmay_the_grid_triangle_9x9_steps,
          minmay_the_grid_triangle_9x9_zippers_vertical,
          minmay_the_grid_triangle_9x9_from_above], layout_long_grid
D:12:     layout_cave_pools, david_orc_3, special_room [special_room_orc],
          uniq_josephine
D:13:     layout_loops_ring, david_vaults_2, uniq_erolcha, uniq_kirke
D:14:     layout_long_grid, basic_altar
D:15:     grunt_enter_depths_giant_problem, layout_layer_cave,
          grunt_dithmenos_shadows, minmay_misc_feat_more_columns,
          small_statue_alley_a
Lair:1:   layout_cave_pods, uniq_gastronok, uniq_fannar
Lair:2:   layout_layer_cave, minmay_swamp_entry_wisps,
          chequers_serial_rivers_small_b, chequers_serial_rivers_marsh,
          chequers_serial_rivers_small_a
Lair:3:   layout_hall_layers, spider_nest_entry_a, gauntlet_entry_generic,
          nicolae_volcano_entry_batcave
Lair:4:   layout_hall_layers, uniq_urug
Lair:5:   layout_long_grid, worms_lemuel
Orc:1:    giant_chief_lemuel, layout_caves, elf_legates
Orc:2:    pf_orc_diabolical, layout_diamond_mine, basic_altar

Skill      XL: |  1  2  3  4  5  6  7  8  9 10 11 12 13 14 15 |
---------------+----------------------------------------------+-----
Axes           | 4 5 6 7 9 11 12 15 18 20 | 20.0
Fighting       | 4 5 6 7 8 9 10 11 13 18 19 | 19.9
Armour         | 3 4 5 6 8 9 10 | 10.0
Dodging        | 3 4 5 6 7 8 10 | 10.0

Action                   |  1- 3 |  4- 6 |  7- 9 | 10-12 | 13-15 || total
-------------------------+-------+-------+-------+-------+-------++-------
Melee: Hand axe          |    67 |   118 |       |       |       ||   185
       Headbutt          |     7 |    18 |    23 |    76 |   117 ||   241
       Battleaxe         |       |     4 |   199 |   410 |   601 ||  1214
       Broad axe         |       |       |       |       |     3 ||     3
Invok: Berserk           |     2 |     8 |     4 |    10 |    11 ||    35
       Trog's Hand       |       |       |       |     4 |     3 ||     7
  Use: Scroll            |     3 |     8 |     9 |     7 |    11 ||    38
       Potion            |       |       |       |       |     7 ||     7
  Eat: Chunk             |     3 |    15 |    12 |    27 |    33 ||    90
       Ration            |       |       |       |       |     3 ||     3
Armor: Animal skin       |     6 |       |       |       |       ||     6
       Plate armour      |    33 |    56 |   110 |   217 |   216 ||   632
Dodge: Dodged            |    55 |    48 |   107 |   293 |   402 ||   905
